 Dungeon Sprint DCSS version 0.29.1-14-g9c671dbff4 (webtiles) character file.

Game seed: 12182952329688448590

24 RadioRiley the Trooper (level 2, -18/28 HPs)
             Began as a Draconian Fighter on Feb 16, 2023.
             Demolished by an ogre
             ... wielding a +0 giant spiked club
              (28 damage)
             ... in the Dungeon (Sprint I: "Red Sonja").
             The game lasted 00:00:38 (30 turns).

RadioRiley the Trooper (Draconian Fighter)            Turns: 30, Time: 00:00:38

Health: -18/28     AC:  4    Str: 18    XL:     2   Next: 79%
Magic:  2/2        EV: 12    Int:  8    God:
Gold:   0          SH:  4    Dex: 10    Spells: 1/1 levels left

rFire   . . .      SeeInvis .   a - +0 long sword
rCold   . . .      Faith    .   b - +0 buckler
rNeg    . . .      Spirit   .   (body armour unavailable)
rPois   .          Reflect  .   (helmet restricted)
rElec   .          Harm     .   (no cloak)
rCorr   .          Rampage  .   (no gloves)
Will    .....      NoTele   +   (no boots)
Stlth   +.........              (no amulet)
HPRegen 0.09/turn               (no ring)
MPRegen 0.08/turn               (no ring)

@: no status effects
A: AC +4, unfitting armour, cold-blooded
a: no special abilities


You were in the Dungeon.
You visited 1 branch

Inventory:

Hand Weapons
 a - a +0 long sword (weapon)
Armour
 b - a +0 buckler (worn)
 k - a +2 leather armour of fire resistance
Wands
 j - a wand of flame (15)
Scrolls
 i - a scroll of blinking
Potions
 c - a potion of might
 d - a potion of curing
 e - a potion of heal wounds
 f - a potion of haste
 g - 2 potions of magic
 h - a potion of berserk rage


   Skills:
 + Level 4.7 Fighting
 + Level 2.6 Long Blades
 + Level 4.0 Dodging
 + Level 4.2 Shields


You had one spell level left.
You didn't know any spells.
Your spell library was empty.

Dungeon Overview and Level Annotations

Branches:
Dungeon (1/1)

Altars:


Innate Abilities, Weirdness & Mutations

Your plain brown scales are hard. (AC +4)
You cannot fit into any form of body armour.
You are cold-blooded and may be slowed by cold attacks.


Message History

Ijyb zaps a wand.
The puff of flame hits you. Ijyb hits you with a +0 club.
You hit Ijyb.
Ijyb is heavily wounded.
Ijyb barely misses you.
You closely miss Ijyb.
Ijyb is heavily wounded.
Ijyb zaps a wand.
The puff of flame misses you.
You barely miss Ijyb.
Ijyb is heavily wounded.
Ijyb zaps a wand.
The puff of flame hits you. Ijyb hits you but does no damage.
You slash Ijyb!
Ijyb is almost dead.
Ijyb zaps a wand.
The puff of flame hits you.
You hit Ijyb.
You kill Ijyb!
Your Fighting skill increases to level 4!
Your Dodging skill gained 2 levels and is now at level 4!
Your Shields skill increases to level 4!
You have reached level 2!
j - a wand of flame (15)
Things that are here:
a +0 club; a +2 leather armour of fire resistance; the goblin corpse of Ijyb
k - a +2 leather armour of fire resistance You can't wear that!
You open the door.
An ogre comes into view. It is wielding a +0 giant spiked club.
The ogre closely misses you.
There is an open door here.
You hit the ogre. You tail-slap the ogre.
The ogre is moderately wounded.
The ogre barely misses you.
You hit the ogre. You tail-slap the ogre.
The ogre is severely wounded.
You block the ogre's attack.
You hit the ogre.
You tail-slap the ogre, but do no damage.
The ogre is almost dead.
The ogre hits you with a +0 giant spiked club!!
Ouch! That really hurt!
You die...

##########
#<.#..@O.#
#..').#..+
#..#####+#
#..# #..#
#..# #⌠⌠#
####


You could see an ogre.

Vanquished Creatures
  Ijyb (D)
1 creature vanquished.

Notes
Turn   | Place    | Note
-------+----------+-------------------------------------------
     0 | D        | RadioRiley the Draconian Fighter began the quest for the
                  | Orb.
     0 | D        | Reached XP level 1. HP: 19/19 MP: 1/1
    12 | D        | Noticed Ijyb
    21 | D        | Killed Ijyb
    22 | D        | Reached XP level 2. HP: 9/28 MP: 2/2
    26 | D        | Noticed an ogre
    30 | D        | Demolished by an ogre

Illustrated notes

Levels and vault maps discovered:
D:        dungeon_sprint_1 [red_sonja_temple_1, red_sonja_temple_small_1]

Skill      XL: |  1 |
---------------+----+-----
Fighting       | 4 |  4.7
Dodging        | 4 |  4.0
Shields        | 4 |  4.2
Long Blades    | |  2.6

Action                   || total
-------------------------++-------
Melee: Long sword        ||    11
       Tailslap          ||     3
Armor: Skin              ||     1
Dodge: Dodged            ||     5
Block: Buckler           ||     1
